 Dungeon Crawl Stone Soup version 0.31-a0-204-g7da18cac08 (webtiles) character file.

Game seed: 12834989682637028464

58 qw the Shooter (level 3, -6/20 HPs)
             Began as a Deep Elf Hunter on June 27, 2023.
             Mangled by Grinder (7 damage)
             ... on level 2 of the Dungeon.
             The game lasted 00:00:37 (1348 turns).

qw the Shooter (Deep Elf Hunter)                    Turns: 1348, Time: 00:00:37

Health: -6/20      AC:  7    Str: 10    XL:     3   Next: 75%
Magic:  5/5        EV:  9    Int: 13    God:
Gold:   97         SH:  0    Dex: 18    Spells: 2/2 levels left

rFire   . . .        Y - +0 shortbow
rCold   . . .        (shield currently unavailable)
rNeg    . . .        f - +0 scale mail
rPois   .            (no helmet)
rElec   .            (no cloak)
rCorr   .            b - +0 pair of gloves
SInv    .            (no boots)
Will    .....        (no amulet)
Stlth   +            (no ring)
HPRegen 0.23/turn    (no ring)
MPRegen 0.09/turn

%: no passive effects
@: no status effects
A: no striking features
a: no special abilities


You were on level 2 of the Dungeon.
You visited 1 branch of the dungeon, and saw 3 of its levels.

You collected 97 gold pieces.


   Skills:
 - Level 1.5 Fighting
 + Level 7.2 Ranged Weapons
 - Level 2.4 Dodging
 - Level 1.2 Stealth


You had 2 spell levels left.
You didn't know any spells.
Your spell library was empty.

Inventory:

Hand Weapons
 Y - a +0 shortbow (weapon)
Armour
 b - a +0 pair of gloves (worn)
 f - a +0 scale mail (worn)
Scrolls
 a - a scroll of identify
Potions
 e - a potion of attraction {unknown}
 g - a potion of mutation {unknown}
 h - a potion of curing {unknown}

Dungeon Overview and Level Annotations

Branches:
Dungeon (3/15)

Altars:

Annotations:
D:2 Grinder


Message History

What level of the Dungeon? (default 1, ? - help)
There is a stone staircase leading down here.
You climb downwards.
Grinder shouts!
The hobgoblin shouts!
Found 6 stones and a runed ring mail.
There is a stone staircase leading up here.
There are monsters nearby!
Waypoint 2 assigned to D:3.
You shoot an arrow. The arrow barely misses Grinder.
You shoot an arrow. The arrow hits Grinder!
Grinder is lightly wounded.
You shoot an arrow. The arrow hits Grinder.
Grinder is moderately wounded.
Grinder barely misses you.
You shoot an arrow. The arrow hits Grinder!
Grinder is heavily wounded.
The quokka barely misses you. Grinder hits you!
1346 ||| STAIRDANCE The quokka completely misses you.
Grinder gestures at you. Pain shoots through your body!
Ouch! That really hurt!
You climb upwards.
There is a stone staircase leading down here.
Enter note:
Enter note:
Enter note:
Enter note:
Enter note:
Enter note:
Enter note:
Enter note:
Enter note:
Enter note:
Enter note:
Enter note: You shoot an arrow.
The arrow hits Grinder but does no damage.
Grinder is heavily wounded.
The quokka barely misses you. Grinder hits you!
You die...

####.######.# #.#.#
...#.#...##.# #.#.#
.....#....#.# #.#.#
.......#..#.# #.#.#
#+#.......#.####.#.#
#.#..#..#.#.....!#.#
#.........########.#
#####...##########.#
................@5.#
##.#..........(.r###
##.#...#########.#
...#.............#
####....########.#
######..# #.#
........### #.#
####......# #.#
...'......# #?#


You could see Grinder and a quokka.

Vanquished Creatures
  2 worms (D:2)
  A dart slug (D:1)
  8 bats
  5 endoplasms
  A giant cockroach (D:1)
  7 goblins
  5 hobgoblins
  3 jackals (D:2)
  6 kobolds
  A quokka (D:2)
  A frilled lizard (D:1)
  4 rats
44 creatures vanquished.

Notes
Turn   | Place    | Note
-------+----------+-------------------------------------------
     0 | D:1      | qw the Deep Elf Hunter began the quest for the Orb.
     0 | D:1      | Reached XP level 1. HP: 12/12 MP: 3/3
     0 | D:1      | 0 ||| qw: Version: 0.3-a-22-g0ed2b0b
     0 | D:1      | 0 ||| qw: Game counter: 6498
     0 | D:1      | 0 ||| qw: Melee chars always use a shield: true
     0 | D:1      | 0 ||| qw: God list: Okawaru
     0 | D:1      | 0 ||| qw: Allow faded altars: false
     0 | D:1      | 0 ||| qw: Do Orc after clearing Dungeon:15 true
     0 | D:1      | 0 ||| qw: Do second Lair branch before Depths: true
     0 | D:1      | 0 ||| qw: Lair rune preference: random
     0 | D:1      | 0 ||| qw: Goals: Normal
     0 | D:1      | 0 ||| PLANNING D:1-11
    42 | D:1      | Found a faded altar of an unknown god.
    68 | D:1      | You fall into a shaft and drop 1 floor!
   168 | D:2      | Reached XP level 2. HP: 16/16 MP: 4/4
   182 | D:2      | 182 ||| Stepping ~*~*~tactically~*~*~ (outnumbered).
   186 | D:2      | Reached skill level 6 in Ranged Weapons
   268 | D:2      | HP: 3/16 [worm (6)]
   415 | D:2      | 415 ||| UPGRADING to +0 scale mail.
   425 | D:2      | 425 ||| DROPPING +0 leather armour.
   426 | D:2      | 426 ||| READING 2 scrolls labelled OFROCA GOWEBRAXKA.
   427 | D:2      | 427 ||| DROPPING scroll of butterflies.
   470 | D:1      | Reached XP level 3. HP: 20/20 MP: 5/5
   744 | D:1      | Reached skill level 7 in Ranged Weapons
   822 | D:1      | 822 ||| UPGRADING to +0 pair of gloves.
   870 | D:2      | 870 ||| STAIRDANCE
  1320 | D:2      | 1320 ||| READING 2 scrolls of identify.
  1320 | D:2      | 1320 ||| IDENTIFYING bubbling yellow potion
  1321 | D:2      | 1321 ||| DROPPING potion of brilliance.
  1341 | D:3      | Noticed Grinder
  1346 | D:3      | 1346 ||| STAIRDANCE
  1346 | D:3      | HP: 1/20 [Grinder/nerve-wracking pain (11)]
  1348 | D:2      | Mangled by Grinder

Levels and vault maps discovered:
D:1:      sevenhm_arrival_forest_fort_small_5, layout_rooms,
          basic_ecumenical_altar
D:2:      layout_basic, bh_walls_and_bars
D:3:      layout_rooms, kennysheep_generic_room_7, uniq_grinder, uniq_natasha,
          uniq_jessica

Skill      XL: |  1  2  3 |
---------------+----------+-----
Ranged Weapons | 6 7 |  7.2
Fighting       | |  1.5
Dodging        | |  2.4
Stealth        | |  1.2

Action                     || total
---------------------------++-------
   Fire: Shortbow          ||   152
    Use: Scroll            ||     2
 Armour: Leather armour    ||     6
         Scale mail        ||    43
  Dodge: Dodged            ||    47

Table legend:
 A = Non-vault XP
 B = Vault XP
 C = Vault XP percentage of total XP
 D = Non-vault monster count
 E = Vault monster count
 F = Vault count percentage of total count
                 A         B        C        D         E       F
            +---------+---------+-------+---------+---------+-------
      Total |      83 |       0 |   0.0 |      44 |       0 |   0.0
            +---------+---------+-------+---------+---------+-------
        D:1 |      40 |       0 |   0.0 |      23 |       0 |   0.0
        D:2 |      43 |       0 |   0.0 |      21 |       0 |   0.0
            +---------+---------+-------+---------+---------+-------
